 Dungeon Sprint DCSS version 0.31-a0-1576-ga3383bade6 (webtiles) character file.

Game seed: 7668300859463776227

74 sircluck the Ruffian (level 4, -14/49 HPs)
             Began as a Troll Berserker on Jan 4, 2024.
             Was a Priest of Trog.
             Demolished by a water elemental (19 damage)
             ... in the Dungeon (Sprint III: "The Ten Rune Challenge").
             The game lasted 00:00:53 (134 turns).

sircluck the Ruffian (Troll Berserker)               Turns: 134, Time: 00:00:53

Health: -14/49     AC:  5    Str: 31    XL:     4   Next: 9%
Magic:  2/2        EV: 10    Int:  2    God:    Trog [***...]
Gold:   26         SH:  0    Dex:  8    Spells: 3/3 levels left

rFire   . .          .
                       - Unarmed
rCold   . . .        (no shield)
rNeg    . . .        a - +0 animal skin
rPois   .            (helmet restricted)
rElec   .            i - +0 cloak
rCorr   .            (gloves unavailable)
SInv    .            (boots unavailable)
Will    .....        (no amulet)
Stlth   +            (no ring)
HPRegen 1.08/turn    (no ring)
MPRegen 0.08/turn

%: no teleportation
@: engulfed (cannot breathe)
A: large, unfitting armour, claws 3, regeneration 1, shaggy fur 1, tough skin 1,
fangs 1, low MP 1, strong 1
a: Renounce Religion, Berserk, Trog's Hand


You were in the Dungeon.
You worshipped Trog.
Trog was most pleased with you.
You visited 1 branch You collected 26 gold pieces.

Inventory:

Armour
 a - a +0 animal skin (worn)
 i - a +0 cloak (worn)
Scrolls
 g - a scroll of blinking
 k - 2 scrolls of immolation {unknown}
 l - 2 scrolls of identify {unknown}
Potions
 b - a potion of curing
 c - a potion of heal wounds
 d - a potion of haste
 e - 2 potions of magic
 f - a potion of berserk rage
 h - 2 potions of resistance {unknown}
 j - 2 potions of mutation
 m - 2 potions of enlightenment
 n - a potion of cancellation {unknown}


   Skills:
 + Level 4.5 Fighting
 + Level 4.5 Dodging
 + Level 5.4 Unarmed Combat


You had 3 spell levels left.
You didn't know any spells.
Your spell library was empty.

Dungeon Overview and Level Annotations

Branches:
Dungeon (1/1)

Altars:


Innate Abilities, Weirdness & Mutations

You are too large for most types of armour.
You have claws for hands.
Your natural rate of healing is unusually fast.
You are covered in fur. (AC +1)
You have tough skin. (AC +1)
You have very sharp teeth.
Your magical capacity is low. (-10% MP)
Your muscles are strong. (Str +4, Int/Dex -1)


Message History

l - a scroll labelled KIUG HAXKUIRR;
j - 3 potions of mutation (gained 2)
m - 2 potions of enlightenment
j - 4 potions of mutation (gained 1)
k - 2 scrolls labelled TIFUAT RENG (gained 1)
l - 2 scrolls labelled KIUG HAXKUIRR (gained 1)
j - 5 potions of mutation (gained 1);
n - a sedimented orange potion You now have 26 gold pieces (gained 14).
You feel extremely strange.
You feel your magical essence link to the dungeon's wands.
You feel extremely strange.
Your magical essence no longer links to wands of the dungeon.
You occasionally lose the ability to drink potions when taking damage.
Your teeth lengthen and sharpen.
You begin to heal more quickly.
You feel extremely strange.
You no longer become unable to drink potions after taking damage.
Your rate of healing slows.
You feel less energetic.
You feel stronger.
There is an open door here.
You enter the shallow water.
You open the door.
A water elemental comes into view.
The water elemental moves out of view.
You claw the water elemental! Your claw misses the water elemental.
The water elemental is moderately damaged.
The water elemental hits you!
The water elemental engulfs you in water!
You closely miss the water elemental.
The water elemental is moderately damaged.
Your lungs strain for air!
The water elemental hits you!
You scratch the water elemental but do no damage.
The water elemental is moderately damaged.
Your lungs strain for air!
The water elemental hits you!
* * * LOW HITPOINT WARNING * * *
You scratch the water elemental.
The water elemental is heavily damaged.
* * * LOW HITPOINT WARNING * * *
Your lungs strain for air!
The water elemental hits you!!
You die...

▓▓▓▓▓▓▓▓▓▓▓▓▓ ▓▓▓
▓<.#..'.....♣ ♣.#
▓..#..#.....♣♣ ♣.#
▓#'####......♣ ♣♣.#
▓.††..#....~.♣♣♣..#
▓.....#...)~♣♣♣@E.#
▓...).#..~~~~.....'.⌠....
▓####'#..~≈≈~~~.♣.#...###
▓)....#.~~≈~~~....#.⌠.#
▓.....#.~≈~~~.....# ..#
▓.....#.~~~.......# ###
▓'#####...........#
▓.................#
▓▓▓▓▓▓▓▓▓▓▓▓▓▓▓▓▓▓▓


You could see a water elemental.

Vanquished Creatures
  Crazy Yiuf (D)
  Jessica (D)
  A human (D)
  3 rats (D)
6 creatures vanquished.

Notes
Turn   | Place    | Note
-------+----------+-------------------------------------------
     0 | D        | sircluck the Troll Berserker began the quest for the Orb.
     0 | D        | Reached XP level 1. HP: 22/22 MP: 0/0
    13 | D        | Noticed Jessica
    18 | D        | Killed Jessica
    18 | D        | Reached ** piety under Trog
    19 | D        | Reached skill level 4 in Unarmed Combat
    19 | D        | Reached XP level 2. HP: 31/32 MP: 1/1
    65 | D        | Reached XP level 3. HP: 27/39 MP: 2/2
    77 | D        | Noticed Crazy Yiuf
    85 | D        | Killed Crazy Yiuf
    85 | D        | Reached *** piety under Trog
    86 | D        | Reached skill level 5 in Unarmed Combat
    86 | D        | Reached XP level 4. HP: 25/49 MP: 3/3
   111 | D        | Gained mutation: You expend magic power (3 MP) to
                  | strengthen your wands. [potion of mutation]
   112 | D        | Lost mutation: You expend magic power (3 MP) to strengthen
                  | your wands. [potion of mutation]
   112 | D        | Gained mutation: You occasionally lose the ability to drink
                  | potions when taking damage. [potion of mutation]
   112 | D        | Gained mutation: You have very sharp teeth. [potion of
                  | mutation]
   112 | D        | Gained mutation: You heal very quickly. [potion of
                  | mutation]
   113 | D        | Lost mutation: You occasionally lose the ability to drink
                  | potions when taking damage. [potion of mutation]
   113 | D        | Lost mutation: You heal very quickly. [potion of mutation]
   113 | D        | Gained mutation: Your magical capacity is low. (-10% MP)
                  | [potion of mutation]
   113 | D        | Gained mutation: Your muscles are strong. (Str +4, Int/Dex
                  | -1) [potion of mutation]
   127 | D        | Noticed a water elemental
   134 | D        | Demolished by a water elemental

Illustrated notes

Levels and vault maps discovered:
D:        dungeon_sprint_mu [sprint_mu_entry_forest, sprint_mu_temple_rooms,
          sprint_mu_d1_horrors, sprint_mu_d2_genie, sprint_mu_d3_branching,
          sprint_mu_orc_legion, sprint_mu_elf_gauntlet, sprint_mu_hive_nellie,
          sprint_mu_lair_fedhas, sprint_mu_vaults_butterflies,
          sprint_mu_slime_circle, sprint_mu_shoals_archi,
          sprint_mu_snake_twists, sprint_mu_blade_basic,
          sprint_mu_crypt_fortress, sprint_mu_tomb_spiral,
          sprint_mu_vestibule_basic, sprint_mu_gehenna_hellfire,
          sprint_mu_dis_giant, sprint_mu_tartarus_statrot,
          sprint_mu_cocytus_islands, sprint_mu_zot1]

Skill      XL: |  1  2  3 |
---------------+----------+-----
Fighting       | 3 4 |  4.5
Dodging        | 3 4 |  4.5
Unarmed Combat | 4 5 |  5.4

Action                     |  1- 3 |  4- 6 || total
---------------------------+-------+-------++-------
  Melee: Unarmed           |    37 |     4 ||    41
         Punch             |     1 |       ||     1
    Use: Potion            |       |     3 ||     3
 Armour: Animal skin       |    15 |     4 ||    19
  Dodge: Dodged            |    12 |       ||    12

Table legend: (Time is in decaauts)
 A = Elapsed time spent in this place.
 B = Non-inter-level travel time spent in this place.
 C = Inter-level travel time spent in this place.
 D = Time resting spent in this place.
 E = Time spent auto-exploring this place.
 F = Levels seen in this place.
 G = Mean time per level.
                   A        B        C        D        E       F      G
               +--------+--------+--------+--------+--------+-----+--------+
         Total |    131 |    131 |      0 |      0 |     38 |   1 |  131.0 |
       Dungeon |    131 |    131 |      0 |      0 |     38 |   1 |  131.0 |
               +--------+--------+--------+--------+--------+-----+--------+

Top non-repeatable levels by time:
       D: 131 daAuts
